 Dungeon Crawl Stone Soup version 0.16-a0-327-gbff0e38 (webtiles) character file.

36 PolkaDot the Caller (level 3, 0/36 HPs)
             Began as a Vampire Summoner on Sept 5, 2014.
             Succumbed to an adder's poison
             ... on Level 2 of the Dungeon.
             The game lasted 00:04:16 (1337 turns).

PolkaDot the Caller (Vampire Summoner)              Turns: 1337, Time: 00:04:17

HP   0/36        AC 21     Str  7      XL: 3   Next: 19%
MP   1/6         EV  2     Int 23      God:
Gold 96          SH  0     Dex 19      Spells:  2 memorised,  3 levels left

rFire  . . .     SeeInvis +     f - +0 dagger
rCold  . . .     Clarity  .     a - melded +0 robe
rNeg   + + +     rCorr    .     (no shield)
rPois  +         rRot     .     (no helmet)
rElec  .         Spirit   .     m - melded +0 cloak
SustAb .         Warding  .     (gloves currently unavailable)
rMut   .         NoTele   +     (boots currently unavailable)
Gourm  .                        (no amulet)
MR     .....                    (no ring)
                                j - ring of stealth

@: brilliant, agile, lethally poisoned, tree-form, very slightly contaminated,
regenerating quickly, hasted, very quick, not resistant to hostile enchantments,
quite stealthy
A: (fangs 0), see invisible, (unbreathing)
a: no special abilities


You were on level 2 of the Dungeon.
You were full.
You were an animated tree.
You visited 1 branch of the dungeon, and saw 2 of its levels.

You collected 96 gold pieces.

Inventory:

Hand weapons
 f - a +0 dagger (weapon)
Armour
 a - a +0 robe (melded)
 m - a +0 cloak (melded)
Scrolls
 d - 3 scrolls of identify {unknown}
 h - a scroll of remove curse {unknown}
 i - a scroll of magic mapping {unknown}
 l - 2 scrolls of enchant armour {unknown}
 q - a scroll of blinking {unknown}
Jewellery
 j - a ring of stealth (left branch)
 o - an uncursed ring of protection from magic {unknown}
Potions
 e - a potion of haste
 g - a potion of restore abilities
Books
 b - a book of Callings

   Spells                             Type                      Level
   *Summon Small Mammal               Summoning                    1
   *Call Imp                          Summoning                    2
   Call Canine Familiar               Summoning                    3
   Summon Guardian Golem              Hexes/Summoning              4
   Summon Lightning Spire             Summoning/Air                4
   Summon Ice Beast                   Ice/Summoning                4


   Skills:
 - Level 2.1 Dodging
 - Level 3.0 Stealth
 * Level 2.4 Spellcasting
 + Level 4.8 Summonings


You had 3 spell levels left.
You knew the following spells:

 Your Spells              Type           Power        Failure   Level  Hunger
a - Summon Small Mammal   Summ           ####         1%          1    None
s - Call Imp              Summ           #####...     1%          2    ##.....


Dungeon Overview and Level Annotations

Branches:
Dungeon (2/15)

Altars:


Innate Abilities, Weirdness & Mutations

Your natural rate of healing is unusually fast.
((You have razor-sharp teeth.))
You have supernaturally acute eyesight.
((You can survive without breathing.))


Message History

Drink which item? (? for menu, Esc to quit)
You feel refreshed.
It was a potion of restore abilities.
Drink which item? (? for menu, Esc to quit)
You turn into an animated tree.
Your +0 cloak melds into your body.
Your +0 robe melds into your body.
Your roots penetrate the ground.
It was a potion of lignification.
* * * LOW HITPOINT WARNING * * *
You feel sick.
Drink which item? (? for menu, Esc to quit)
You feel agile all of a sudden.
It was a potion of agility.
Drink which item? (? for menu, Esc to quit)
You feel clever all of a sudden.
It was a potion of brilliance.
* * * LOW HITPOINT WARNING * * *
You feel sick.
There is a lethal amount of poison in your body!
* * * LOW HITPOINT WARNING * * *
You feel sick.
You die...

### ### #.############.#
#..............#
#..###########.# #..# #.#
#..###########.##### ###
#...................
......###..####........#...#
..........5♣...........+...#
......###.5##..........#...#
.....###%.##...#..###.#...#
...............+...#.......
..............#..##.......
............###...........
........(...# #...........
...........###..##.....#.
.........................


You could see 2 friendly crimson imps.

Vanquished Creatures
  3 hobgoblins (D:1)
  7 kobolds
  6 bats
  2 giant cockroaches (D:1)
  A giant newt (D:2)
  2 goblins (D:1)
  3 rats (D:1)
24 creatures vanquished.

Vanquished Creatures (collateral kills)
  An adder (D:2)
  A worm (D:2)
  A hobgoblin (D:1)
  A giant newt (D:1)
4 creatures vanquished.

Vanquished Creatures (others)
  A quokka (D:1)
  2 bats (D:1)
3 creatures vanquished.

Grand Total: 31 creatures vanquished

Notes
Turn   | Place    | Note
--------------------------------------------------------------
     0 | D:1      | PolkaDot, the Vampire Summoner, began the quest for the Orb.
     0 | D:1      | Reached XP level 1. HP: 13/13 MP: 3/3
   343 | D:1      | Reached XP level 2. HP: 10/19 MP: 0/4
   867 | D:1      | Learned a level 2 spell: Call Imp
  1325 | D:2      | Reached XP level 3. HP: 5/24 MP: 0/6
  1335 | D:2      | HP: 1/36 [poisoned by an adder]
  1337 | D:2      | Succumbed to an adder's poison

Action                   || total
-------------------------++-------
Melee: Unarmed           ||    35
       Dagger            ||    90
Throw: Throwing net      ||     1
 Cast: Summon Small Mamm ||     5
       Call Imp          ||     4
  Use: Potion            ||     7
 Stab: Sleeping          ||     7
  Eat: Corpse            ||     8
